 Dungeon Crawl Stone Soup version 0.23-a0-642-g3120c2f5a9 (webtiles) character file.

11383 rinny the Fighter (level 11, -11/107 HPs)
             Began as a Grey Draconian Monk on Dec 31, 2018.
             Was an Elder of Wu Jian.
             Killed from afar by an acid dragon (13 damage)
             ... with a splash of acid
             ... on level 12 of the Dungeon.
             The game lasted 00:36:18 (17430 turns).

rinny the Fighter (Grey Draconian Monk)            Turns: 17430, Time: 00:36:19

Health: -11/107    AC: 12    Str: 13    XL:     11   Next: 48%
Magic:  11/11      EV: 17    Int: 12    God:    Wu Jian [****..]
Gold:   849        SH:  0    Dex: 16    Spells: 10/10 levels left

rFire    . . .     SeeInvis .   x - +3 whip (freeze)
rCold    . . .     Gourm    .   (no shield)
rNeg     . . .     Faith    .   (armour unavailable)
rPois    .         Spirit   .   (helmet restricted)
rElec    .         Reflect  .   E - scarf {repulsion}
rCorr    .         Harm     .   (no gloves)
MR       ++...                  (no boots)
Stlth    ++........             (no amulet)
HPRegen  0.27/turn              l - ring of protection from magic
MPRegen  0.12/turn              D - ring of protection from magic

@: repel missiles
A: walk through water, unfitting armour, unbreathing, cold-blooded, AC +12
a: Wall Jump, Serpent's Lash, Renounce Religion


You were on level 12 of the Dungeon.
You worshipped Wu Jian.
Wu Jian was greatly pleased with you.
You were very hungry.

You visited 2 branches of the dungeon, and saw 13 of its levels.

You collected 1050 gold pieces.
You spent 201 gold pieces at shops.

Inventory:

Hand Weapons
 a - a +0 mace
 h - a +0 spear
 u - a cursed -3 falchion
 x - a +3 whip of freezing (weapon)
 G - a +4 mace
Missiles
 B - 4 throwing nets (quivered)
Armour
 E - a scarf of repulsion (worn)
Jewellery
 l - a ring of protection from magic (left hand)
 v - an uncursed ring of protection from cold
 z - a cursed ring of teleportation {unknown}
 D - a ring of protection from magic (right hand)
Wands
 e - a wand of digging (8)
 r - a wand of random effects (31)
 w - a wand of flame (22)
Scrolls
 c - a scroll of random uselessness {unknown}
 d - 9 scrolls of remove curse
 m - 4 scrolls of amnesia
 n - 8 scrolls of teleportation
 s - a scroll of enchant armour {unknown}
 t - a scroll of noise
 y - a scroll of immolation {unknown}
 A - a scroll of blinking
 J - a scroll of brand weapon {unknown}
Potions
 f - 6 potions of flight
 i - 2 potions of brilliance
 j - 11 potions of curing
 k - 3 potions of ambrosia
 o - 2 potions of might
 p - 2 potions of berserk rage
 q - 2 potions of magic
 F - 6 potions of degeneration
 H - a potion of invisibility
Comestibles
 b - 18 rations


   Skills:
 - Level 13.3 Fighting
 - Level 12.0 Maces & Flails
 * Level 7.0 Dodging
 - Level 1.7 Stealth


You had 10 spell levels left.
You didn't know any spells.
Your spell library contained the following spells:

 Spells                   Type           Power        Failure   Level  Hunger
 Corona                   Hex            #......      32%         1    ##.....
 Summon Small Mammal      Summ           #...         32%         1    ##.....
 Call Imp                 Summ           #.......     45%         2    ###....
 Ensorcelled Hibernation  Hex/Ice        #.....       45%         2    ###....
 Call Canine Familiar     Summ           #.......     69%         3    ####...
 Confuse                  Hex            #.......     69%         3    ####...
 Dazzling Spray           Conj/Hex       #.....       69%         3    ####...
 Ignite Poison            Fire/Tmut/Pois #.......     69%         3    ####...
 Summon Guardian Golem    Hex/Summ       #.......     69%         3    ####...
 Tukima's Dance           Hex            #.......     69%         3    ####...
 Summon Ice Beast         Ice/Summ       #.......     97%         4    #####..
 Summon Lightning Spire   Summ/Air       #.......     97%         4    #####..
 Fireball                 Conj/Fire      #.........   100%        5    ######.
 Bolt of Fire             Conj/Fire      #.........   100%        6    #######
 Ring of Flames           Chrm/Fire      #.........   100%        7    #######
 Ignition                 Fire           #.........   100%        8    #######


Dungeon Overview and Level Annotations

Branches:
Dungeon (12/15)            Temple (1/1) D:5            Lair (0/6) D:10
    Orc: D:9-12

Altars:
Ashenzari
Cheibriados
Dithmenos
Elyvilon
Fedhas
Gozag
Hepliaklqana
Kikubaaqudgha
Makhleb
Nemelex Xobeh
Okawaru
Qazlal
Ru
Sif Muna
Trog
Uskayaw
Vehumet
Wu Jian
Xom
Yredelemnul
Zin
The Shining One
Beogh

Shops:
D:4 :   D:5 *   D:8 [

Annotations:
D:9 1 runed door
D:10 1 runed door, Adamkad1's ghost, novice GrFi


Innate Abilities, Weirdness & Mutations

You can walk through water.
Your dull iron-grey scales are very hard. (AC +12)
You cannot fit into any form of body armour.
You can survive without breathing.
You are cold-blooded and may be slowed by cold attacks.


Message History

The slime creature is heavily wounded.
You whack the slime creature! You freeze the slime creature.
The slime creature is severely wounded.
You repeatedly attack the slime creature from above.
You hit the slime creature. You freeze the slime creature.
The slime creature is lightly wounded.
You hit the slime creature. You freeze the slime creature.
The slime creature is lightly wounded.
You hit the slime creature. You freeze the slime creature.
The slime creature is moderately wounded.
You hit the slime creature. You freeze the slime creature.
You tail-slap the slime creature, but do no damage.
The slime creature is moderately wounded.
The slime creature hits you!
* * * LOW HITPOINT WARNING * * *
The large slime creature hits you!!
* * * LOW HITPOINT WARNING * * *
The acid dragon spits acid at you. The splash of acid hits you!
You die...

#### ## ##....#
##.##
####........
#....
#§§§§......
#...##JJJ§......
#...#§@§§......
##...D§§§....##
#...h<§§§...##
.....####.....#
.... ##...## . .
#..## #.## #.#
#.#


You could see a large slime creature, 2 slime creatures, a black bear and an
acid dragon.

Vanquished Creatures
  Harold (D:7)
  3 two-headed ogres
  A tengu warrior (D:9)
  Pikel (D:5)
  A troll (D:10)
  A slime creature (D:12)
  A hippogriff (D:11)
  A wyvern (D:10)
  A yak (D:10)
  A hungry ghost (D:7)
  A porcupine (D:10)
  A sky beast (D:5)
  14 orc warriors
  An ice beast (D:11)
  2 black bears
  7 ogres
  A necrophage (D:7)
  10 centaurs
  A big kobold (D:9)
  Blork the orc (D:6)
  8 bullfrogs
  A wyvern zombie (D:8)
  A scorpion (D:5)
  13 killer bees
  5 wights (D:11)
  3 howler monkeys
  A bullfrog zombie (D:9)
  5 crimson imps
  6 hounds
  A jelly (D:9)
  6 orc priests
  3 bullfrog skeletons
  3 centaur skeletons
  13 orc wizards
  7 worker ants
  2 iguanas
  A hound zombie (D:5)
  2 hound skeletons (D:4)
  A worker ant zombie (D:5)
  Robin (D:3)
  13 adders
  13 gnolls
  6 shadow imps
  3 oozes
  2 worms
  2 adder skeletons (D:4)
  10 dart slugs
  7 leopard geckos
  51 orcs
  9 giant cockroaches
  17 goblins
  11 hobgoblins
  11 jackals
  5 kobolds
  4 quokkas
  4 ball pythons
  7 bats
  8 frilled lizards
  A leopard gecko skeleton (D:5)
  3 quokka skeletons
  8 rats
329 creatures vanquished.

Vanquished Creatures (others)
  A dart slug (D:4)
  9 fungi (D:10)
  3 plants (D:10)
13 creatures vanquished.

Grand Total: 342 creatures vanquished

Notes
Turn   | Place    | Note
-------+----------+-------------------------------------------
     0 | D:1      | rinny the Draconian Monk began the quest for the Orb.
     0 | D:1      | Reached XP level 1. HP: 19/19 MP: 1/1
   100 | D:1      | Reached XP level 2. HP: 22/26 MP: 2/2
   647 | D:1      | Reached XP level 3. HP: 30/31 MP: 3/3
  1300 | D:2      | Noticed an orc warrior
  1586 | D:2      | Reached skill level 5 in Maces & Flails
  1586 | D:2      | Reached XP level 4. HP: 34/38 MP: 4/4
  2164 | D:3      | Noticed Robin
  2198 | D:3      | Killed Robin
  2662 | D:3      | Reached XP level 5. HP: 37/46 MP: 5/5
  2675 | D:3      | Found a stormy altar of Qazlal.
  2934 | D:3      | Found a bloodstained altar of Trog.
  3132 | D:4      | Found Dacod's Book Shoppe.
  3360 | D:4      | Reached skill level 4 in Fighting
  3932 | D:4      | Reached XP level 6. HP: 52/52 MP: 6/6
  4720 | D:5      | Entered Level 5 of the Dungeon
  4760 | D:4      | Reached skill level 5 in Fighting
  4760 | D:4      | Your scales start taking on a dull iron-grey colour.
  4760 | D:4      | Reached XP level 7. HP: 22/61 MP: 7/7
  4760 | D:4      | Gained mutation: You can survive without breathing. [Grey
                  | Draconian growth]
  5793 | D:5      | Reached skill level 6 in Fighting
  5867 | D:5      | Found a shadowy altar of Dithmenos.
  5867 | D:5      | Found a shattered altar of Ashenzari.
  5980 | D:5      | Reached XP level 8. HP: 58/70 MP: 8/8
  6013 | D:5      | Found a glowing golden altar of the Shining One.
  6013 | D:5      | Found an iron altar of Okawaru.
  6013 | D:5      | Found a glowing silver altar of Zin.
  6031 | D:5      | Found a staircase to the Ecumenical Temple.
  6038 | Temple   | Entered the Ecumenical Temple
  6222 | Temple   | Became a worshipper of the Wu Jian Council
  6222 | Temple   | Reached * piety under Wu Jian
  6222 | Temple   | Reached ** piety under Wu Jian
  6638 | D:5      | Noticed Pikel
  6642 | D:5      | Paralysed by Pikel for 3 turns
  6669 | D:5      | Killed Pikel
  6669 | D:5      | Reached skill level 7 in Fighting
  7076 | D:5      | Found Kayqol's Assorted Antiques.
  7084 | D:5      | Bought a potion of lignification for 69 gold pieces
  7099 | D:5      | Reached skill level 10 in Maces & Flails
  7391 | D:6      | Noticed Blork the orc
  7400 | D:6      | Killed Blork the orc
  7400 | D:6      | Reached XP level 9. HP: 69/80 MP: 9/9
  7835 | D:7      | Reached skill level 8 in Fighting
  8237 | D:7      | Found a sacrificial altar of Ru.
  8440 | D:7      | Noticed Harold
  8457 | D:7      | Killed Harold
  8934 | D:7      | Reached skill level 9 in Fighting
  8955 | D:7      | Found a shimmering altar of Xom.
  9701 | D:9      | Noticed a tengu warrior
  9724 | D:8      | Reached *** piety under Wu Jian
 10011 | D:8      | Reached XP level 10. HP: 72/92 MP: 10/10
 10201 | D:8      | Reached skill level 10 in Fighting
 10418 | D:8      | Found Goyvawk's Armour Boutique.
 10434 | D:8      | Bought a scarf of repulsion for 132 gold pieces
 10819 | D:9      | Killed a tengu warrior
 10819 | D:9      | Reached skill level 11 in Fighting
 10962 | D:9      | Found a burning altar of Makhleb.
 11249 | D:9      | Found a runed door.
 11256 | D:9      | Found a glowing golden altar of the Shining One.
 11256 | D:9      | Noticed an angel
 11406 | D:9      | Found a blossoming altar of Fedhas.
 11476 | D:9      | Noticed a two-headed ogre
 11483 | D:9      | Noticed a two-headed ogre
 11486 | D:9      | Killed a two-headed ogre
 11486 | D:9      | Reached skill level 12 in Fighting
 11491 | D:9      | Killed a two-headed ogre
 11855 | D:10     | Entered Level 10 of the Dungeon
 11905 | D:9      | Reached skill level 13 in Fighting
 12428 | D:10     | Reached XP level 11. HP: 39/107 MP: 11/11
 12767 | D:10     | Found a staircase to the Lair.
 12893 | D:10     | Reached **** piety under Wu Jian
 13299 | D:10     | Found a runed door.
 13299 | D:10     | Found a shimmering altar of Xom.
 13299 | D:10     | Noticed a +0 broad axe of chaos
 13299 | D:10     | Noticed Adamkad1's ghost (novice GrFi)
 13715 | D:10     | HP: 2/107 [ogre/+0 giant club (16)]
 14703 | D:10     | Reached skill level 5 in Dodging
 15680 | D:11     | Noticed a two-headed ogre
 15693 | D:11     | Killed a two-headed ogre
 16017 | D:11     | Found a runed door.
 16302 | D:11     | Noticed an orc knight
 17072 | D:11     | Found a roughly hewn altar of Beogh.
 17427 | D:12     | HP: 3/107 [slime creature (16)]
 17430 | D:12     | Killed from afar by an acid dragon

Vault maps used:
D:1:      sevenhm_arrival_forest_fort_small_3
D:3:      lightli_temple_of_fire, hangedman_abyss_or_decor_stabs,
          grunt_qazlal_sundering, uniq_crazy_yiuf_cottage, uniq_robin
D:4:      kennysheep_slugbush, serial_shops, nicolae_shop_statue_plus,
          enter_ossuary_5
D:5:      minmay_polygon_palace, gammafunk_temple_overflow_forgotten,
          gammafunk_temple_overflow_wave, minmay_temple_entry_arrows,
          first_ration, serial_shops, shop_fountains, hex_tiny, uniq_pikel
D:6:      sigmund_army, uniq_blork_the_orc
D:7:      hangedman_ru_absence, basic_altar, uniq_harold
D:8:      serial_shops, shop
D:9:      lemuel_crystal_altar, fedhas_bush_and_centaur_altar,
          blue_anna_alchemist, minivault_4, lemuel_angel_altar
D:10:     grunt_lair_entry_orc_guard_hut, ebering_ghost_xom, special_room
D:11:     lightli_church_of_beogh
D:12:     orc_david_3, serial_column_ruins, column_ruins_corridor_corner,
          column_ruins_columns_plus, column_ruins_open_small,
          column_ruins_corridor_corner, column_ruins_grid_3,
          gauntlet_entry_generic, zaba_antful_of_joy
Temple:   nicolae_temple_figure_eight

Skill      XL: |  1  2  3  4  5  6  7  8  9 10 11 |
---------------+----------------------------------+-----
Maces & Flails | 4 5 6 7 8 10 12 | 12.0
Fighting       | 4 5 6 7 9 13 | 13.3
Dodging        | 7 |  7.0
Stealth        | |  1.7

Action                   |  1- 3 |  4- 6 |  7- 9 | 10-12 || total
-------------------------+-------+-------+-------+-------++-------
Melee: Mace              |   151 |   297 |   261 |       ||   709
       Tailslap          |    10 |    34 |    70 |   118 ||   232
       Whip              |       |       |   300 |   800 ||  1100
Invok: Whirlwind         |       |       |    51 |   123 ||   174
       Lunge             |       |       |    21 |    35 ||    56
       Serpent's Lash    |       |       |       |     4 ||     4
 Abil: Wall Jump         |       |       |    12 |    19 ||    31
Evoke: Wand              |       |       |     2 |     5 ||     7
  Use: Scroll            |     3 |     2 |     3 |    10 ||    18
       Potion            |       |     5 |     6 |     4 ||    15
 Stab: Sleeping          |     4 |     8 |     8 |     5 ||    25
       Paralysed         |       |       |     2 |     9 ||    11
  Eat: Chunk             |     1 |     4 |     4 |    16 ||    25
       Ration            |       |     2 |     5 |     2 ||     9
Armor: Skin              |    54 |   118 |   157 |   108 ||   437
Dodge: Dodged            |   150 |   187 |   226 |   246 ||   809
       Deflected         |       |       |       |    14 ||    14

Table legend:
 A = Non-vault XP
 B = Vault XP
 C = Vault XP percentage of total XP
 D = Non-vault monster count
 E = Vault monster count
 F = Vault count percentage of total count
                 A         B        C        D         E       F
            +---------+---------+-------+---------+---------+-------
      Total |   11443 |    4819 |  29.6 |     247 |      83 |  25.2
            +---------+---------+-------+---------+---------+-------
        D:1 |      55 |       0 |   0.0 |      30 |       0 |   0.0
        D:2 |      66 |       0 |   0.0 |      23 |       0 |   0.0
        D:3 |      62 |      36 |  36.7 |      19 |      11 |  36.7
        D:4 |     438 |     127 |  22.5 |      26 |      11 |  29.7
        D:5 |     606 |    1158 |  65.6 |      24 |      13 |  35.1
        D:6 |     292 |     103 |  26.1 |       9 |       4 |  30.8
        D:7 |     960 |     960 |  50.0 |      19 |       1 |   5.0
        D:8 |    1378 |       0 |   0.0 |      26 |       0 |   0.0
        D:9 |    3612 |     212 |   5.5 |      26 |       2 |   7.1
       D:10 |    1277 |    2051 |  61.6 |      15 |      31 |  67.4
       D:11 |    2379 |     172 |   6.7 |      24 |      10 |  29.4
       D:12 |     265 |       0 |   0.0 |       1 |       0 |   0.0
     Temple |      53 |       0 |   0.0 |       5 |       0 |   0.0
            +---------+---------+-------+---------+---------+-------
